AoeStats
← Monsieur Garlíc

Black Forest

508718905Analyzed
3v3 RM · 10d ago on Sep 23, 2026· 56m 31s· 6 players
Game mode
Random Map
Map size
Normal (6 player)
Population
200
Speed
Normal
Resources
Standard
Victory
Conquest
Starting age
Dark Age
Ending age
Imperial Age
RankedLock teamsTeams togetherTeam positionsShared explorationLock speedFull tech treeHidden civsTurbo modeCheats
Victory
Defeat
🇩🇪 Malay · Germany
1182
+7
🇩🇪 Sicilians · Germany
924
+17
🇩🇪 Franks · Germany
918
+16
🇩🇪 Turks · Germany
966
-14
🇫🇷 Khmer · France
942
-13
🇹🇷 Goths · Türkiye
937
-13
Monsieur Garlíc
0:35 Loom
14:53 Feudal Age
20:40 Castle Age
18:51 Double-Bit Axe
20:24 Gold Mining
20:32 Stone Mining
20:57 Horse Collar
21:35 Bow Saw
22:16 Gold Shaft Mining
22:44 Heavy Plow
27:18 Wheelbarrow
29:39 Hand Cart
33:30 Imperial Age
32:50 Town Watch
33:49 Padded Archer Armor
35:50 Artillery
36:58 Town Patrol
37:24 Leather Archer Armor
37:46 Conscription
44:33 Man-at-Arms
44:45 Heavy Camel Rider
47:44 Caravan
49:32 Ring Archer Armor
49:27 Bloodlines
49:18 Husbandry
49:28 Scale Barding Armor
49:34 Forging
54:07 Chain Barding Armor
54:23 Iron Casting
frizboum
0:41 Loom
13:10 Feudal Age
13:46 Double-Bit Axe
14:12 Horse Collar
17:08 Wheelbarrow
20:31 Castle Age
20:45 Stone Mining
23:04 Hand Cart
23:46 Murder Holes
25:06 Fortified Wall
25:57 Stone Shaft Mining
26:38 Ballistics
28:13 Gold Mining
30:44 Scale Barding Armor
30:50 Forging
30:36 Fletching
30:58 Forging
34:47 Bodkin Arrow
40:32 Pikeman
55:22 Scale Barding Armor
55:18 Scale Mail Armor
55:54 Iron Casting
vwusxa7
4:47 Loom
11:02 Feudal Age
12:36 Town Watch
15:18 Castle Age
13:34 Double-Bit Axe
15:23 Stone Mining
17:18 Stone Shaft Mining
17:14 Horse Collar
Just4Fun
13:47 Feudal Age
14:18 Double-Bit Axe
17:21 Gold Mining
17:24 Stone Mining
21:59 Castle Age
23:01 Bow Saw
23:29 Gold Shaft Mining
25:20 Scale Barding Armor
28:17 Chain Barding Armor
28:08 Forging
35:36 Scale Mail Armor
36:35 Iron Casting
37:30 Ballistics
44:17 Imperial Age
44:24 Cavalier
46:57 Chain Mail Armor
47:43 Blast Furnace
47:18 Plate Barding Armor
47:26 Cavalier
48:12 Husbandry
49:29 Plate Mail Armor
49:24 Paladin
51:42 Wheelbarrow
50:53 Town Watch
pini
1:58 Loom
13:24 Feudal Age
13:15 Double-Bit Axe
13:13 Horse Collar
16:56 Wheelbarrow
20:31 Castle Age
22:18 Wheelbarrow
26:46 Hand Cart
27:08 Bow Saw
29:11 Town Watch
29:27 Stone Mining
30:05 Gold Mining
30:05 Stone Mining
31:08 Heavy Plow
32:04 Stone Shaft Mining
37:38 Imperial Age
36:11 Fletching
36:21 Padded Archer Armor
36:50 Scale Barding Armor
37:00 Forging
37:31 Conscription
37:15 Bodkin Arrow
39:25 Elite Skirmisher
40:12 Thumb Ring
40:08 Bracer
40:23 Leather Archer Armor
40:31 Ballistics
41:11 Chemistry
42:31 Heated Shot
42:38 Murder Holes
42:48 Siege Engineers
43:17 Town Patrol
43:49 Ring Archer Armor
43:55 Iron Casting
46:34 Town Patrol
48:07 Blast Furnace
47:12 Scale Barding Armor
47:33 Caravan
48:03 Coinage
53:02 Banking
57:08 Crop Rotation
dribblertimi
0:51 Loom
13:03 Feudal Age
14:24 Horse Collar
14:37 Gold Mining
14:36 Double-Bit Axe
22:46 Scale Mail Armor
30:44 Castle Age
29:06 Forging
32:09 Chain Mail Armor
32:29 Iron Casting
33:22 Pikeman
34:46 Wheelbarrow
34:14 Heavy Plow
37:01 Bow Saw
45:04 Gold Shaft Mining
44:20 Stone Mining
44:50 Squires
44:37 Arson
47:30 Hand Cart
52:40 Imperial Age
50:14 Elite Skirmisher
51:57 Padded Archer Armor
51:47 Fletching
52:21 Ballistics
51:52 Heated Shot
52:58 Leather Archer Armor
53:36 Bodkin Arrow
54:42 Blast Furnace
54:58 Crop Rotation
54:31 Capped Ram
56:43 Chemistry
55:22 Siege Ram
56:50 Caravan
Connection lost

Rejoining the realm…

Still unreachable

The connection could not be restored.

Session expired

The server has moved on; the page needs a fresh start.